 Dungeon Crawl Stone Soup version 0.29-a0-468-ge57f7f99b4 (webtiles) character file.

Game seed: 11023713099588004272

2757 spaghetti the Grappler (level 9, -12/97 HPs)
             Began as a Demonspawn Berserker on May 22, 2022.
             Was a Priest of Trog.
             Mangled by a yak (13 damage)
             ... on level 7 of the Dungeon.
             The game lasted 00:10:53 (7251 turns).

spaghetti the Grappler (Demonspawn Berserker)       Turns: 7251, Time: 00:10:54

Health: -12/97     AC:  7    Str: 23    XL:     9   Next: 41%
Magic:  9/9        EV: 12    Int:  8    God:    Trog [***...]
Gold:   306        SH:  0    Dex: 12    Spells: 8/8 levels left

rFire   . . .      SeeInvis .     - Unarmed
rCold   . . .      Faith    +   (no shield)
rNeg    . . .      Spirit   .   a - +0 animal skin
rPois   .          Reflect  .   f - +2 helmet
rElec   .          Harm     .   u - +0 cloak
rCorr   .          Rampage  .   (no gloves)
Will    ++...                   s - +0 pair of boots
Stlth   ..........              t - amulet of faith {!P}
HPRegen 1.26/turn               n - +4 ring of slaying
MPRegen 0.11/turn               (no ring)

@: berserking, strong-willed, regenerating, very quick
A: hooves 1, foul stench 1, powered by pain 2
a: Renounce Religion, Berserk, Trog's Hand


You were on level 7 of the Dungeon.
You worshipped Trog.
Trog was most pleased with you.
You visited 1 branch of the dungeon, and saw 7 of its levels.

You collected 328 gold pieces.
You spent 22 gold pieces at shops.


Innate Abilities, Weirdness & Mutations

You have large cloven feet.
You may rarely emit foul miasma when damaged in melee.
You sometimes gain power by taking damage.


   Skills:
 + Level 3.9 Fighting
 - Level 1.7 Armour
 - Level 1.7 Dodging
 - Level 12.0 Unarmed Combat


You had 8 spell levels left.
You didn't know any spells.
Your spell library contained the following spells:

 Spells                   Type           Power      Damage    Failure   Level
 Slow                     Hex            0%         N/A       41%         1
 Blink                    Tloc           0%         N/A       54%         2
 Confusing Touch          Hex            0%         N/A       78%         3
 Tukima's Dance           Hex            0%         N/A       78%         3
 Vampiric Draining        Necr           0%         2d6       78%         3
 Passage of Golubria      Tloc           0%         N/A       99%         4
 Manifold Assault         Tloc           0%         N/A       100%        5
 Yara's Violent Unravell  Hex/Tmut       0%         3d3       100%        5
 Dispersal                Tloc           0%         N/A       100%        6
 Storm Form               Tmut/Air       0%         N/A       100%        7
 Disjunction              Tloc           0%         N/A       100%        8

Inventory:

Missiles
 b - 314 stones (quivered) {throwing}
 k - 11 poisoned darts {throwing}
 y - 5 boomerangs {throwing}
Armour
 a - a +0 animal skin (worn)
 f - a +2 helmet (worn)
   (You found it on level 1 of the Dungeon)
 s - a +0 pair of boots (worn)
   (You found it on level 4 of the Dungeon)
 u - a +0 cloak (worn)
   (You found it on level 5 of the Dungeon)
Jewellery
 n - a +4 ring of slaying (left hand)
   (You found it on level 3 of the Dungeon)
 t - an amulet of faith (around neck) {!P}
   (You found it on level 4 of the Dungeon)
 v - a +6 ring of intelligence
   (You found it on level 5 of the Dungeon)
Wands
 g - a wand of polymorph (10)
   (You found it on level 5 of the Dungeon)
 q - a wand of charming (12)
   (You found it on level 5 of the Dungeon)
 x - a wand of digging (6)
   (You found it on level 6 of the Dungeon)
Scrolls
 c - 6 scrolls of teleportation {@r4}
 h - a scroll of vulnerability {!r!r}
 l - 3 scrolls of immolation {!r!r}
 o - 2 scrolls of fog
Potions
 d - 2 potions of berserk rage {!q}
 e - a potion of heal wounds {unknown}
 i - 4 potions of curing {@q1}
 j - a potion of invisibility {unknown}
 m - 2 potions of degeneration {unknown}
 p - 2 potions of haste {unknown}
 r - a potion of lignification {unknown}
 w - a potion of mutation {unknown}
 z - a potion of attraction {unknown}
 A - a potion of flight {unknown}

Dungeon Overview and Level Annotations

Branches:
Dungeon (7/15)             Temple (0/1) D:5

Altars:
Ashenzari
Dithmenos
Hepliaklqana
Kikubaaqudgha
Okawaru
Trog
Vehumet
Wu Jian

Shops:
D:6 =*( D:7

( #..#...#
#..#...#
#..#...#
#..#.###
#..#.. #..#
#..# # #..#
...
#######โ€
@#((((.
.......YYYY#
.........o.#
...........#
......(....#
...........#
#######..#.#
#..#.#
#..#.#


You could see 3 yaks, a sky beast and an orc.


Message History

Key pressed, stopping explore.
Key pressed, stopping explore.
Unknown command. ๐Ÿ˜• HP[+40]
You regained 40 hp, and now have 55/64 hp.
Unknown command.
Your movement speed is average.
Your attack delay is about 0.7.
Key pressed, stopping explore.
k - 11 poisoned darts {throwing} (gained 8)
Things that are here:
a +0 short sword {short}; a kobold skeleton ๐Ÿ˜Ž HP[+9]
Your hp is fully restored (64).
b - 307 stones {throwing} (gained 4)
Items here: )) รทรท.
b - 318 stones {throwing} (gained 11)
Items here: )))) รทรท.
b - 319 stones {throwing} (gained 1)
Items here: )))) รทรท.
Things that are here:
a +0 dagger {short}; a kobold skeleton
Things that are here:
a +0 short sword {short}; a kobold skeleton
Items here: )) รทรท.
y - 5 boomerangs {throwing} Key pressed, stopping explore. 2 yaks come into view.
You throw a stone {throwing}.
The stone {throwing} hits the yak but does no damage.
The yak bellows!
A yak comes into view.
You throw a stone {throwing}. The yak bellows!
The stone {throwing} hits the yak.
A yak comes into view. x2
You throw a stone {throwing}.
The stone {throwing} barely misses the yak.
The yak bellows!
The stone {throwing} hits the yak but does no damage.
You throw a stone {throwing}. The stone {throwing} hits the yak.
You throw a stone {throwing}.
The stone {throwing} hits the yak but does no damage.
You pummel the yak!! The yak misses you.
An orc comes into view.
It is wielding a +0 hand axe and quivering silver boomerangs.
The orc shouts!
You punch the yak!
You kill the yak!
Trog accepts your kill. The yak barely misses you. ๐Ÿ˜Ž HP[+1]
You now have 65 max hp (+1).
Your hp is fully restored (65).
You punch the yak! You closely miss the yak. The yak gores you.
The yak closely misses you. ๐Ÿ˜• HP[-3]
You take 3 damage, and now have 62/65 hp.
You hit the yak.
A sky beast comes into view.
The yak gores you! x2 ๐Ÿ˜ฎ HP[-19]
You take 19 damage, and now have 43/65 hp.
MASSIVE DAMAGE!! (PAUSE)
You closely miss the yak. The yak barely misses you.
The yak gores you! ๐Ÿ˜ฎ HP[-9]
You take 9 damage, and now have 34/65 hp.
The yak closely misses you. The yak misses you. The yak gores you.
* * * LOW HITPOINT WARNING * * *
๐Ÿ˜จ HP[-2]
You take 2 damage, and now have 32/65 hp.
Unknown command.
Unknown command.
Your skin crawls.
You feel strong-willed. The yak gores you!
* * * LOW HITPOINT WARNING * * *
The yak misses you. The yak gores you but does no damage.
The yak closely misses you. ๐Ÿ˜จ HP[-8]
You take 8 damage, and now have 24/65 hp.
Unknown command.
Unknown command.
A red film seems to cover your vision as you go berserk!
You feel yourself moving faster!
You feel mighty! The yak barely misses you. The yak gores you.
* * * LOW HITPOINT WARNING * * *
The yak gores you!
* * * LOW HITPOINT WARNING * * *
The yak gores you but does no damage. ๐Ÿ˜ฑ HP[-4]
You now have 97 max hp (+32).
You barely miss the yak. You punch the yak! ๐Ÿ˜ฑ HP[+1]
You punch the yak!
You kill the yak!
Trog accepts your kill. The yak gores you!
* * * LOW HITPOINT WARNING * * *
The yak gores you!
* * * LOW HITPOINT WARNING * * *
The yak gores you!
You die...

Skill      XL: |  1  2  3  4  5  6  7  8  9 |
---------------+----------------------------+-----
Unarmed Combat | 3 4 5 6 7 9 11 12 | 12.0
Fighting       | |  3.9
Armour         | |  1.7
Dodging        | |  1.7

Action                   |  1- 3 |  4- 6 |  7- 9 || total
-------------------------+-------+-------+-------++-------
Melee: Unarmed           |   127 |    81 |   192 ||   400
       Punch             |     3 |     2 |     9 ||    14
Throw: Stone             |   133 |    54 |    88 ||   275
Invok: Berserk           |     1 |     2 |     5 ||     8
       Trog's Hand       |       |     3 |     6 ||     9
  Use: Scroll            |     5 |     5 |     2 ||    12
       Potion            |       |     1 |       ||     1
Armor: Animal skin       |    27 |    23 |    57 ||   107
Dodge: Dodged            |    82 |    40 |   111 ||   233

Levels and vault maps discovered:
D:1:      scummos_arrival_simple_crosswalls, layout_loops_ring,
          ebering_ecumenical_altar_hall, chequers_serial_rivers_room_a
D:2:      layout_basic, hangedman_decor_diamond_cutter,
          nicolae_concentric_dashed_squares_wild, hex_tiny
D:3:      layout_loops_ring, mainiacjoe_overflow_surrounded_room,
          mainiacjoe_overflow_catwalk, lemuel_coloured_pillars_altar,
          mainiacjoe_overflow_small_starburst, kennysheep_flooded_box,
          chequers_serial_rivers_large_a, hangedman_feature_mirror
D:4:      layout_loops_ring, old_standard_altar
D:5:      layout_loops_ring, lemuel_crystal_altar, lemuel_crystal_altar,
          minmay_temple_entry_stoned_glass
D:6:      layout_rooms, nicolae_overflow_hidden_temple,
          nicolae_wu_jian_wuxing_cycle, serial_corexii_hall,
          chequers_hall_statues_corner_a, corexii_hall_statues_t, serial_shops,
          shop, nicolae_shop_crystal, shop_statue, uniq_duvessa
D:7:      layout_basic, serial_shops, shop, uniq_pikel

Notes
Turn   | Place    | Note
-------+----------+-------------------------------------------
     0 | D:1      | spaghetti the Demonspawn Berserker began the quest for the
                  | Orb.
     0 | D:1      | Reached XP level 1. HP: 18/18 MP: 1/1
     0 | D:1      | magus.rc [v1.9.6]
   175 | D:1      | Reached skill level 3 in Unarmed Combat
   270 | D:1      | Gained mutation: You sometimes gain a little power by
                  | taking damage. [demonic ancestry]
   270 | D:1      | Reached XP level 2. HP: 18/24 MP: 2/2
   566 | D:1      | Found a faded altar of an unknown god.
   588 | D:1      | You pick up a book of Debilitation {forbidden} and begin
                  | reading...
   588 | D:1      | You add the spells Slow, Vampiric Draining and Confusing
                  | Touch to your library.
  1185 | D:2      | Reached ** piety under Trog
  1313 | D:2      | Reached XP level 3. HP: 18/29 MP: 3/3
  1733 | D:2      | Reached skill level 4 in Unarmed Combat
  2057 | D:2      | You pick up a book of the Warp {forbidden} and begin
                  | reading...
  2057 | D:2      | You add the spells Dispersal and Disjunction to your
                  | library.
  2617 | D:3      | Found a bloodstained altar of Trog.
  2703 | D:3      | Found an ancient bone altar of Kikubaaqudgha.
  2748 | D:3      | Found a radiant altar of Vehumet.
  2758 | D:3      | Gained mutation: You sometimes gain power by taking damage.
                  | [demonic ancestry]
  2758 | D:3      | Reached XP level 4. HP: 26/35 MP: 4/4
  3111 | D:3      | Reached skill level 5 in Unarmed Combat
  3310 | D:3      | Found an iron altar of Okawaru.
  3366 | D:3      | You add the spells Tukima's Dance, Passage of Golubria and
                  | Yara's Violent Unravelling to your library.
  3457 | D:4      | HP: 13/52 [something (3)]
  3460 | D:4      | Reached XP level 5. HP: 13/41 MP: 5/5
  3672 | D:4      | Reached *** piety under Trog
  3716 | D:4      | Reached skill level 6 in Unarmed Combat
  3961 | D:4      | Reached XP level 6. HP: 46/47 MP: 6/6
  3981 | D:4      | Found a hazy altar of Hepliaklqana.
  4429 | D:5      | Entered Level 5 of the Dungeon
  4463 | D:5      | Found a staircase to the Ecumenical Temple.
  4515 | D:5      | HP: 10/47 [black bear (4)]
  4693 | D:5      | Reached skill level 7 in Unarmed Combat
  4745 | D:5      | Found a shadowy altar of Dithmenos.
  4750 | D:5      | You add the spells Blink, Manifold Assault and Storm Form
                  | to your library.
  4768 | D:5      | Reached XP level 7. HP: 52/52 MP: 7/7
  4868 | D:5      | Found a broken altar of Ashenzari.
  5321 | D:6      | Noticed Duvessa
  5321 | D:6      | Noticed Dowan
  5328 | D:6      | Reached skill level 8 in Unarmed Combat
  5339 | D:6      | Killed Duvessa
  5357 | D:6      | Found Jick's General Store.
  5366 | D:6      | Found Tyonkiwi's Antique Weapon Shoppe.
  5373 | D:6      | Killed Dowan
  5375 | D:6      | Bought a scroll of identify for 22 gold pieces
  5419 | D:6      | Found an ornate altar of the Wu Jian Council.
  5441 | D:6      | Reached skill level 9 in Unarmed Combat
  5441 | D:6      | Gained mutation: You may rarely emit foul miasma when
                  | damaged in melee. [demonic ancestry]
  5441 | D:6      | Reached XP level 8. HP: 47/58 MP: 8/8
  5843 | D:6      | Reached skill level 10 in Unarmed Combat
  6003 | D:6      | Found Luschuus's Jewellery Boutique.
  6408 | D:7      | Noticed Pikel
  6425 | D:7      | Killed Pikel
  6426 | D:7      | Reached skill level 11 in Unarmed Combat
  6426 | D:7      | Gained mutation: You have large cloven feet. [demonic
                  | ancestry]
  6426 | D:7      | Reached XP level 9. HP: 42/63 MP: 9/9
  6625 | D:7      | Found Xuqehet's Antique Weapon Shoppe.
  6656 | D:7      | Reached **** piety under Trog
  6934 | D:7      | Reached skill level 12 in Unarmed Combat
  6935 | D:7      | HP: 23/94 [gnoll/+0 halberd (6)]
  7249 | D:7      | HP: 20/97 [yak (13)]
  7251 | D:7      | HP: 1/97 [yak (11)]
  7251 | D:7      | Mangled by a yak

Vanquished Creatures
  Pikel (D:7)
  A steam dragon (D:7)
  2 yaks (D:7)
  A water moccasin (D:7)
  Duvessa (D:6)
  3 ice beasts
  A black bear (D:6)
  A sky beast (D:6)
  A lemure (D:7)
  A kobold brigand (D:7)
  A bullfrog (D:6)
  2 necrophages (D:5)
  4 scorpions
  Dowan (D:6)
  A howler monkey (D:6)
  2 orc priests
  4 hounds
  2 gnoll shamans
  2 iguanas (D:5)
  8 orc wizards
  12 gnolls
  5 adders
  2 worms
  4 dart slugs
  16 orcs
  10 ball pythons
  6 bats
  12 endoplasms
  A giant cockroach (D:4)
  5 goblins
  8 hobgoblins
  9 kobolds
  3 quokkas
  5 frilled lizards
  A rat (D:1)
139 creatures vanquished.

Vanquished Creatures (collateral kills)
  A black bear (D:5)
1 creature vanquished.

Grand Total: 140 creatures vanquished

Table legend:
 A = Non-vault XP
 B = Vault XP
 C = Vault XP percentage of total XP
 D = Non-vault monster count
 E = Vault monster count
 F = Vault count percentage of total count
                 A         B        C        D         E       F
            +---------+---------+-------+---------+---------+-------
      Total |    3292 |     843 |  20.4 |     134 |       5 |   3.6
            +---------+---------+-------+---------+---------+-------
        D:1 |      27 |       0 |   0.0 |      17 |       0 |   0.0
        D:2 |      51 |       0 |   0.0 |      21 |       0 |   0.0
        D:3 |      84 |       3 |   3.4 |      18 |       2 |  10.0
        D:4 |     235 |       0 |   0.0 |      16 |       0 |   0.0
        D:5 |     515 |       0 |   0.0 |      14 |       0 |   0.0
        D:6 |    1200 |     211 |  15.0 |      23 |       2 |   8.0
        D:7 |    1180 |     629 |  34.8 |      25 |       1 |   3.8
            +---------+---------+-------+---------+---------+-------

Illustrated notes

Table legend:
 A = Kills in this place as a percentage of kills in entire the game.
 B = Kills by you in this place as a percentage of kills by you in the entire game.
 C = Kills by friends in this place as a percentage of kills by friends in the entire game.
 D = Other kills in this place as a percentage of other kills in the entire game.
 E = Experience gained in this place as a percentage of experience gained in the entire game.
 F = Experience gained in this place divided by the number of levels of this place that you have seen.
                   A       B       C       D       E      F
               +-------+-------+-------+-------+-------+----------------------
         Total | 100.0 | 100.0 | 100.0 |   N/A | 100.0 | 590.7
       Dungeon | 100.0 | 100.0 | 100.0 |   N/A | 100.0 | 590.7
               +-------+-------+-------+-------+-------+----------------------

Table legend: (Time is in decaauts)
 A = Elapsed time spent in this place.
 B = Non-inter-level travel time spent in this place.
 C = Inter-level travel time spent in this place.
 D = Time resting spent in this place.
 E = Time spent auto-exploring this place.
 F = Levels seen in this place.
 G = Mean time per level.
                   A        B        C        D        E       F      G
               +--------+--------+--------+--------+--------+-----+--------+
         Total |   7289 |   7089 |    200 |    350 |   5678 |   7 | 1041.3 |
       Dungeon |   7289 |   7089 |    200 |    350 |   5678 |   7 | 1041.3 |
               +--------+--------+--------+--------+--------+-----+--------+

Top non-repeatable levels by time:
     D:2: 1315 daAuts
     D:1: 1156 daAuts
     D:6: 1061 daAuts
     D:4: 995 daAuts
     D:3: 991 daAuts
     D:7: 906 daAuts
     D:5: 862 daAuts
